 Dungeon Crawl Stone Soup version 0.31-a0-204-g7da18cac08 (webtiles) character file.

Game seed: 2507119973680873304

252 qw the Skirmisher (level 5, 0/29 HPs)
             Began as a Deep Elf Hunter on June 27, 2023.
             Slain by a killer bee (6 damage)
             ... on level 4 of the Dungeon.
             The game lasted 00:01:00 (2838 turns).

qw the Skirmisher (Deep Elf Hunter)                 Turns: 2838, Time: 00:01:01

Health: 0/29       AC:  8    Str:  9    XL:     5   Next: 89%
Magic:  6/6        EV: 11    Int: 18    God:
Gold:   133        SH:  0    Dex: 23    Spells: 4/4 levels left

rFire   . . .        Y - +1 shortbow
rCold   . . .        (shield currently unavailable)
rNeg    . . .        b - +0 ring mail
rPois   .            i - +0 helmet
rElec   .            (no cloak)
rCorr   .            d - +0 pair of gloves
SInv    .            c - +0 pair of boots
Will    .....        (no amulet)
Stlth   ++           m - +6 ring of dexterity
HPRegen 0.24/turn    (no ring)
MPRegen 0.10/turn

%: no passive effects
@: lethally poisoned (0 -> -4)
A: clever 1, low MP 1, screaming 1, wild magic 1
a: no special abilities


You were on level 4 of the Dungeon.
You visited 1 branch of the dungeon, and saw 4 of its levels.

You collected 133 gold pieces.


Innate Abilities, Weirdness & Mutations

Your mind is acute. (Int +4, Str/Dex -1)
Your magical capacity is low. (-10% MP)
You occasionally shout uncontrollably at your foes.
Your spells are a little harder to cast, but a little more powerful.


   Skills:
 - Level 1.5 Fighting
 + Level 8.9 Ranged Weapons
 - Level 1.7 Armour
 - Level 2.4 Dodging
 - Level 1.2 Stealth


You had 4 spell levels left.
You didn't know any spells.
Your spell library was empty.

Inventory:

Hand Weapons
 Y - a +1 shortbow (weapon)
Armour
 b - a +0 ring mail (worn)
 c - a +0 pair of boots (worn)
 d - a +0 pair of gloves (worn)
 i - a +0 helmet (worn)
Jewellery
 m - a +6 ring of dexterity (left hand)
Scrolls
 a - a scroll of teleportation {unknown}
 e - a scroll of silence {unknown}
 g - a scroll of identify
Potions
 f - a potion of cancellation {unknown}
 h - a potion of mutation
 l - a potion of attraction {unknown}
 n - a potion of enlightenment {unknown}

Dungeon Overview and Level Annotations

Branches:
Dungeon (4/15)
 Temple: D:4-7

Altars:


Message History

The arrow closely misses the killer bee.
The killer bee closely misses you. x2
You shoot an arrow.
The arrow closely misses the killer bee.
The arrow hits the killer bee.
The killer bee is moderately wounded.
The killer bee barely misses you. x2
You shoot an arrow.
The arrow closely misses the killer bee.
The arrow barely misses the killer bee.
The killer bee closely misses you. The killer bee stings you.
The killer bee closely misses you.
You shoot an arrow. The arrow hits the killer bee.
The killer bee is moderately wounded.
The killer bee closely misses you. x2
You shoot an arrow. The arrow hits the killer bee.
The killer bee is heavily wounded.
The killer bee barely misses you.
The killer bee stings you but does no damage.
You shoot an arrow. The arrow barely misses the killer bee.
The arrow closely misses the killer bee.
The killer bee stings you.
You are poisoned.
The killer bee poisons you! The killer bee stings you.
You shoot an arrow.
The arrow closely misses the killer bee.
The arrow hits the killer bee.
The killer bee is heavily wounded.
You feel very sick. The killer bee stings you!
The killer bee closely misses you.
You shoot an arrow.
The arrow closely misses the killer bee.
The arrow misses the killer bee.
You feel sick. The killer bee closely misses you.
The killer bee stings you but does no damage.
The killer bee misses you.
You shoot an arrow. The arrow hits the killer bee.
The killer bee is heavily wounded.
You feel sick. The killer bee closely misses you. The killer bee stings you.
You die... ######. ....... ....).. ....... ....... yy.....

########yy.....
.......@# ........+
........# ........#
........# ........# ##
........# #<
........################
........%...............


You could see 4 killer bees.

Vanquished Creatures
  A scorpion (D:4)
  A hound (D:4)
  An iguana (D:4)
  Robin (D:3)
  2 adders
  2 worms (D:3)
  3 dart slugs (D:1)
  2 orcs (D:4)
  2 bats
  8 endoplasms
  6 giant cockroaches
  10 goblins
  9 hobgoblins
  13 jackals
  2 quokkas
  6 ball pythons
  7 frilled lizards
  6 kobolds
  6 rats
88 creatures vanquished.

Notes
Turn   | Place    | Note
-------+----------+-------------------------------------------
     0 | D:1      | qw the Deep Elf Hunter began the quest for the Orb.
     0 | D:1      | Reached XP level 1. HP: 12/12 MP: 3/3
     0 | D:1      | 0 ||| qw: Version: 0.3-a-22-g0ed2b0b
     0 | D:1      | 0 ||| qw: Game counter: 6522
     0 | D:1      | 0 ||| qw: Melee chars always use a shield: true
     0 | D:1      | 0 ||| qw: God list: Okawaru
     0 | D:1      | 0 ||| qw: Allow faded altars: false
     0 | D:1      | 0 ||| qw: Do Orc after clearing Dungeon:15 true
     0 | D:1      | 0 ||| qw: Do second Lair branch before Depths: true
     0 | D:1      | 0 ||| qw: Lair rune preference: random
     0 | D:1      | 0 ||| qw: Goals: Normal
     0 | D:1      | 0 ||| PLANNING D:1-11
    37 | D:1      | HP: 3/12 [jackal (3)]
   213 | D:1      | Reached XP level 2. HP: 16/16 MP: 4/4
   215 | D:1      | 215 ||| UPGRADING to +0 pair of gloves.
   223 | D:1      | Reached skill level 6 in Ranged Weapons
   447 | D:1      | 447 ||| READING scroll labelled OLLOUDGHIMOWI.
   455 | D:1      | 455 ||| DROPPING scroll of butterflies.
   474 | D:1      | Reached XP level 3. HP: 18/20 MP: 5/5
  1166 | D:1      | 1166 ||| READING scroll labelled VIASARU LATU.
  1285 | D:2      | Reached skill level 7 in Ranged Weapons
  1602 | D:2      | 1602 ||| UPGRADING to +0 ring mail.
  1612 | D:2      | 1612 ||| DROPPING +0 leather armour.
  1657 | D:3      | Found a faded altar of an unknown god.
  1710 | D:3      | Reached XP level 4. HP: 25/25 MP: 6/6
  1898 | D:3      | Noticed Robin
  1907 | D:3      | Killed Robin
  1913 | D:3      | HP: 6/25 [goblin/+0 dagger[Robin] (3)]
  2063 | D:3      | Reached skill level 8 in Ranged Weapons
  2468 | D:3      | 2468 ||| UPGRADING to +0 pair of boots.
  2473 | D:3      | 2473 ||| UPGRADING to +0 helmet.
  2478 | D:3      | 2478 ||| UPGRADING to +6 ring of dexterity.
  2479 | D:3      | 2479 ||| READING scroll labelled TIGIS HEOXKE.
  2480 | D:3      | 2480 ||| READING scroll labelled IHYILE DENETA.
  2481 | D:3      | 2481 ||| DRINKING 2 fizzy ruby potions.
  2481 | D:3      | Gained mutation: Your mind is acute. (Int +4, Str/Dex -1)
                  | [potion of mutation]
  2481 | D:3      | Gained mutation: You occasionally shout uncontrollably at
                  | your foes. [potion of mutation]
  2481 | D:3      | Gained mutation: Your magical capacity is low. (-10% MP)
                  | [potion of mutation]
  2481 | D:3      | Gained mutation: Your spells are a little harder to cast,
                  | but a little more powerful. [potion of mutation]
  2482 | D:3      | 2482 ||| READING 3 scrolls of identify.
  2482 | D:3      | 2482 ||| IDENTIFYING fuming white potion
  2483 | D:3      | 2483 ||| READING 2 scrolls of identify.
  2483 | D:3      | 2483 ||| IDENTIFYING cyan potion
  2484 | D:3      | 2484 ||| DROPPING potion of invisibility.
  2485 | D:3      | 2485 ||| DROPPING potion of ambrosia.
  2591 | D:4      | Noticed a scorpion
  2595 | D:4      | Killed a scorpion
  2596 | D:4      | Reached skill level 1 in Armour
  2596 | D:4      | Reached XP level 5. HP: 29/29 MP: 6/6
  2837 | D:4      | HP: 7/29 [poisoned by a killer bee]
  2838 | D:4      | Slain by a killer bee

Levels and vault maps discovered:
D:1:      saegor_arrival_simple_a, layout_basic, nicolae_the_louvre
D:2:      layout_rooms, minmay_distorted
D:3:      layout_loops_ring, shapermc_ecumenical_altar_totnotflames, uniq_robin
D:4:      layout_basic

Skill      XL: |  1  2  3  4 |
---------------+-------------+-----
Ranged Weapons | 6 7 8 |  8.9
Armour         | 1 |  1.7
Fighting       | |  1.5
Dodging        | |  2.4
Stealth        | |  1.2

Action                     |  1- 3 |  4- 6 || total
---------------------------+-------+-------++-------
   Fire: Shortbow          |   135 |   105 ||   240
    Use: Scroll            |     2 |     4 ||     6
         Potion            |       |     1 ||     1
 Armour: Leather armour    |    20 |       ||    20
         Ring mail         |     4 |    13 ||    17
  Dodge: Dodged            |    47 |    49 ||    96

Table legend:
 A = Non-vault XP
 B = Vault XP
 C = Vault XP percentage of total XP
 D = Non-vault monster count
 E = Vault monster count
 F = Vault count percentage of total count
                 A         B        C        D         E       F
            +---------+---------+-------+---------+---------+-------
      Total |     333 |      28 |   7.8 |      80 |       8 |   9.1
            +---------+---------+-------+---------+---------+-------
        D:1 |      58 |       0 |   0.0 |      31 |       0 |   0.0
        D:2 |      27 |       1 |   3.6 |      16 |       1 |   5.9
        D:3 |      45 |      27 |  37.5 |      16 |       7 |  30.4
        D:4 |     203 |       0 |   0.0 |      17 |       0 |   0.0
            +---------+---------+-------+---------+---------+-------
